Map: Mist Opportunities

Players

omega

  • Race: Protoss Protoss
  • Spawn Location: 6:00

Tsuga

  • Race: Protoss Protoss
  • Spawn Location: 5:00

VOD

Have the link to the VOD?

Description

Time

  • Played on: Jan. 18, 2018, 1:05 p.m.
  • Length: 30:09
Show
View Real Time Build Order
Export as new Build Order

omega Protoss 

Build Orders:  

Get SALT Encoding   

  12  0:02  Probe (Chrono Boost)  
  13  0:20  Pylon  
  13  0:25  Probe (Chrono Boost)  
  14  0:39  Probe (Chrono Boost)  
  15  0:53  Probe (Chrono Boost)  
  15  0:58  Assimilator  
  16  1:02  Assimilator  
  16  1:07  Probe (Chrono Boost)  
  17  1:23  Gateway  
  17  1:26  Probe (Chrono Boost)  
  18  1:42  Probe (Chrono Boost)  
  19  1:58  Probe (Chrono Boost)  
  20  2:07  Pylon  
  20  2:14  Probe (Chrono Boost)  
  21  2:30  Probe (Chrono Boost)  
  21  2:35  Cybernetics Core  
  22  2:45  Probe (Chrono Boost)  
  23  3:00  Probe (Chrono Boost)  
  24  3:25  Probe (Chrono Boost)  
  24  3:29  Death Council  
  25  3:47  Assimilator  
  25  3:53  Assimilator  
  26  4:00  Probe (Chrono Boost)  
  26  4:03  Nexus  
  26  4:17  Probe (Chrono Boost)  
  27  4:21  Warp Gate  
  27  4:31  Dark Shrine  
  27  4:49  Probe (Chrono Boost)  
  28  5:07  Gateway  
  28  5:08  Gateway  
  28  5:11  Gateway  
  28  5:17  Probe (Chrono Boost)  
  29  5:45  Shadow Fury  
  29  5:46  Probe (Chrono Boost)  
  37  6:00  Probe (Chrono Boost)  
  31  6:19  Stargate  
  31  6:22  Stargate  
  31  6:32  Dark Pylon  
  31  6:35  Dark Templar  
  31  6:36  Dark Templar  
  31  6:38  Protoss Air Weapons Level 1  
  35  6:41  Probe (Chrono Boost)  
  35  6:46  Pylon  
  36  6:54  Probe (Chrono Boost)  
  37  7:04  Pylon  
  37  7:11  Dark Templar x2  
  37  7:18  Probe (Chrono Boost)  
  43  7:20  Probe (Chrono Boost)  
  43  7:25  Corsair x2  
  43  7:28  Dark Templar Blink  
  47  7:31  Probe (Chrono Boost)  
  47  7:37  Probe (Chrono Boost)  
  49  7:45  Dark Templar x2  
  49  7:46  Forge  
  53  7:56  Probe (Chrono Boost)  
  54  8:10  Probe (Chrono Boost)  
  55  8:31  Dark Templar x4  
  63  8:45  Corsair x2  
  63  8:46  Void Stasis  
  67  8:55  Protoss Shields Level 1  
  67  9:10  Dark Pylon  
  67  9:17  Dark Templar x3  
  73  9:26  Corsair x2  
  77  9:30  Pylon  
  77  9:34  Pylon  
  77  9:46  Gateway  
  77  10:02  Dark Templar x2  
  77  10:06  Corsair x2  
  85  10:26  Protoss Air Weapons Level 2  
  85  10:30  Centurion x2  
  85  10:39  Cybernetics Core  
  89  10:43  Gateway  
  89  10:53  Gateway  
  89  11:09  Corsair x2  
  93  11:21  Dark Pylon  
  93  11:24  Dark Templar x2  
  97  11:35  Protoss Ground Weapons Level 1  
  97  11:39  Pylon  
  97  11:42  Pylon  
  97  11:44  Pylon  
  97  11:54  Corsair x2  
  101  12:47  Corsair x2  
  105  13:24  Dark Pylon  
  105  13:27  Protoss Air Armor Level 1  
  105  13:28  Dark Templar x2  
  105  13:29  Dark Templar x2  
  113  13:40  Protoss Shields Level 2  
  113  14:22  Corsair  
  113  14:23  Corsair  
  113  14:28  Pylon  
  117  14:30  Pylon  
  117  14:38  Dark Templar x2  
  121  14:41  Centurion x3  
  121  14:42  Centurion  
  129  15:32  Corsair x2  
  133  15:40  Pylon  
  133  15:43  Pylon  
  133  15:44  Pylon  
  133  16:15  Dark Templar  
  133  16:16  Dark Templar, Protoss Ground Weapons Level 2  
  137  16:23  Dark Templar  
  137  16:24  Dark Templar x2  
  137  16:26  Dark Templar  
  137  16:27  Dark Templar  
  147  16:44  Protoss Air Armor Level 2  
  147  16:53  Fleet Beacon  
  145  17:40  Dark Pylon  
  141  17:54  Disruption Web  
  141  18:06  Corsair x2  
  145  18:46  Protoss Shields Level 3  
  145  18:54  Dark Pylon  
  139  19:11  Dark Templar  
  139  19:13  Dark Templar x5  
  139  19:14  Dark Templar  
  153  20:17  Dark Templar x2  
  157  20:20  Dark Templar x2  
  157  20:21  Dark Templar  
  157  20:22  Dark Templar  
  165  20:55  Dark Templar  
  167  21:39  Dark Templar  
  169  21:40  Dark Templar x2  
  169  21:45  Protoss Ground Weapons Level 3  
  173  21:52  Pylon  
  173  21:55  Pylon  
  173  21:56  Protoss Air Weapons Level 3  
  173  22:24  Dark Templar  
  173  22:25  Dark Templar x2  
  179  22:38  Corsair  
  181  23:48  Dark Pylon  
  181  24:43  Corsair x2  
  185  24:56  Protoss Ground Armor Level 1  
  185  25:36  Protoss Air Armor Level 3  
  183  26:06  Dark Pylon  
  183  26:10  Dark Templar x2  
  187  28:41  Dark Templar x2  
  187  28:44  Dark Templar x2  
Show
View Real Time Build Order
Export as new Build Order

Tsuga Protoss 

Build Orders:  

Get SALT Encoding   

  12  0:04  Probe (Chrono Boost)  
  13  0:29  Pylon  
  13  0:37  Pylon  
  13  0:39  Probe (Chrono Boost)  
  14  1:03  Gateway  
  14  1:06  Probe (Chrono Boost)  
  15  1:19  Probe (Chrono Boost)  
  15  1:27  Forge  
  16  1:33  Probe (Chrono Boost)  
  17  1:43  Assimilator  
  17  1:50  Assimilator  
  17  2:00  Probe (Chrono Boost)  
  17  2:02  Pylon  
  18  2:20  Probe (Chrono Boost)  
  18  2:23  Gateway  
  19  2:34  Probe (Chrono Boost)  
  20  2:48  Probe (Chrono Boost)  
  21  2:53  Cybernetics Core  
  21  3:04  Pylon  
  21  3:06  Probe (Chrono Boost)  
  22  3:20  Probe (Chrono Boost)  
  23  3:34  Probe (Chrono Boost)  
  24  3:40  Pylon  
  24  3:48  Probe (Chrono Boost)  
  25  4:02  Probe (Chrono Boost)  
  25  4:04  Gateway  
  26  4:11  Pylon  
  26  4:16  Probe (Chrono Boost)  
  27  4:25  Zealot  
  27  4:27  Zealot  
  28  4:30  Probe (Chrono Boost)  
  32  4:58  Gateway  
  32  5:09  Death Council  
  32  5:18  Zealot  
  32  5:19  Zealot  
  36  5:20  Zealot  
  38  6:19  Singularity Charge  
  38  6:25  Nexus  
  38  6:41  Assimilator  
  38  6:57  Pylon  
  38  7:04  Pylon  
  38  7:18  Trillic Compresion Mesh  
  38  7:20  Assimilator  
  38  7:22  Protoss Shields Level 1  
  38  7:44  Photon Cannon  
  38  7:47  Photon Cannon  
  38  7:53  Photon Cannon  
  38  7:59  Photon Cannon  
  38  8:06  Photon Cannon  
  38  8:10  Probe (Chrono Boost)  
  39  8:24  Probe (Chrono Boost)  
  40  8:38  Probe (Chrono Boost)  
  41  8:52  Probe (Chrono Boost)  
  42  9:19  Dragoon  
  44  9:20  Dragoon  
  44  9:21  Dragoon  
  44  9:23  Dragoon  
  48  9:41  Probe (Chrono Boost)  
  49  9:55  Probe (Chrono Boost)  
  50  10:08  Probe (Chrono Boost)  
  51  10:22  Probe (Chrono Boost)  
  52  10:31  Ascendant Archives  
  52  10:36  Protoss Ground Weapons Level 1, Probe (Chrono Boost)  
  53  10:44  Dragoon  
  53  10:45  Dragoon  
  53  10:46  Dragoon  
  53  10:47  Dragoon  
  61  10:50  Probe (Chrono Boost)  
  61  10:56  Dragoon  
  64  11:04  Probe (Chrono Boost)  
  65  11:18  Probe (Chrono Boost)  
  66  11:24  Psionic Storm  
  66  11:32  Probe (Chrono Boost)  
  67  11:46  Probe (Chrono Boost)  
  68  11:54  Khaydarin Amulet  
  68  12:25  Dragoon  
  68  12:26  Dragoon  
  68  12:27  Dragoon  
  68  13:16  Protoss Ground Armor Level 1  
  68  13:21  Dragoon  
  68  13:22  Dragoon  
  68  13:25  Dragoon  
  68  13:26  Dragoon  
  68  13:27  Dragoon  
  68  13:29  Dragoon  
  78  13:44  Dragoon  
  78  13:45  Dragoon  
  78  13:46  Dragoon  
  78  13:47  Dragoon  
  78  13:49  Dragoon  
  88  14:56  High Templar  
  88  14:57  High Templar  
  88  14:59  Archon  
  92  15:13  Pylon  
  92  15:17  Pylon  
  92  15:22  Pylon  
  92  15:27  Pylon  
  92  15:34  Pylon  
  92  15:42  Pylon  
  92  15:48  Probe (Chrono Boost)  
  93  15:55  Pylon  
  93  15:56  Protoss Shields Level 2  
  93  16:00  Pylon  
  93  16:02  Probe (Chrono Boost)  
  94  16:13  High Templar  
  94  16:14  High Templar  
  94  16:15  Probe (Chrono Boost)  
  94  16:17  Archon  
  99  16:21  High Templar  
  99  16:22  High Templar  
  99  16:23  High Templar  
  99  16:24  High Templar  
  99  16:26  Archon  
  99  16:28  Archon  
  99  16:29  Probe (Chrono Boost)  
  108  16:43  Probe (Chrono Boost)  
  108  16:45  Dragoon  
  108  16:46  Dragoon  
  108  16:47  Dragoon  
  108  16:48  Dragoon  
  108  16:49  Dragoon  
  119  16:51  Dragoon  
  121  17:03  Plasma Surge  
  121  18:59  Dragoon  
  123  19:00  Dragoon  
  123  19:01  Dragoon  
  123  19:02  Dragoon  
  123  19:03  Dragoon  
  123  19:06  Protoss Ground Weapons Level 2  
  131  19:28  Dragoon  
  131  19:29  Dragoon  
  135  19:30  Dragoon  
  135  19:31  Dragoon  
  135  19:32  Dragoon  
  135  19:33  Dragoon  
  135  19:34  Dragoon  
  135  19:36  Dragoon  
  147  22:16  Protoss Ground Armor Level 2  
  147  22:34  High Templar  
  147  22:35  High Templar  
  147  22:36  High Templar  
  147  22:37  High Templar  
  155  22:40  Archon  
  155  22:42  Archon  
  155  22:58  Pylon  
  155  23:01  Pylon  
  155  23:06  Pylon  
  155  23:09  Pylon  
  155  23:14  Pylon  
  155  23:20  Pylon  
  155  25:26  Protoss Shields Level 3  
  151  25:55  Dragoon  
  151  25:56  Dragoon  
  151  25:57  Dragoon  
  151  25:58  Dragoon  
  151  25:59  Dragoon  
  161  26:11  High Templar  
Tags
 
Add a new tag
Caveats
  • Supply blocks, unpowered buildings, or Contaminate may cause inaccurate times.
  • Supply counts are checked every 10 seconds.